 Dungeon Sprint DCSS version 0.15-b1-129-g6fffc38 (webtiles) character file.

2402 staplegun the Fighter (level 9, 0/92 HPs)
             Began as a Minotaur Berserker on Aug 28, 2014.
             Was a High Priest of Trog.
             Killed from afar by a wizard (9 damage)
             ... with a bolt of lightning
             ... in the Dungeon (Sprint VII: "The Pits").
             The game lasted 00:03:36 (1205 turns).

staplegun the Fighter (Minotaur Berserker)          Turns: 1205, Time: 00:03:36

HP   0/92        AC 22     Str 28      XL: 9   Next: 23%
MP   4/4         EV 11     Int  4      God: Trog [*****.]
Gold 11          SH  0     Dex 11      Spells:  0 memorised,  8 levels left

rFire  . . .     SeeInvis .     x - +2 dire flail "Bakilap" {crush, rElec rPois MR+ Str+1}
rCold  . . .     Clarity  .     w - +4 chain mail
rNeg   . . .     rCorr    .     (no shield)
rPois  +         rRot     .     (helmet restricted)
rElec  +         Spirit   .     q - +0 cloak {rPois}
SustAb .         Warding  .     v - +0 pair of gloves
rMut   .         NoTele   +     (no boots)
Gourm  .                        (no amulet)
MR     +....                    u - +3 ring of strength
                                r - +3 ring of protection

@: somewhat resistant to hostile enchantments, extremely unstealthy
A: retaliatory headbutt, horns 2
a: Burn Spellbooks, Berserk, Trog's Hand, Brothers in Arms, Renounce Religion


You were in the Dungeon.
You worshipped Trog.
Trog was extremely pleased with you.
You were hungry.

You visited 1 branch You collected 11 gold pieces.

Inventory:

Hand weapons
 a - a +0 mace
 p - a +2 mace
 s - a +2 mace of protection
 x - the +2 dire flail "Bakilap" (weapon) {crush, rElec rPois MR+ Str+1}
   (You found it in the Dungeon)

   It inflicts extra damage upon your enemies.
   It affects your strength (+1).
   It insulates you from electricity.
   It protects you from poison.
   It affects your resistance to hostile enchantments.
Armour
 b - a +0 animal skin
 q - a +0 cloak of poison resistance (worn)
 t - a +3 chain mail
 v - a +0 pair of gloves (worn)
 w - a +4 chain mail (worn)
Comestibles
 c - 8 bread rations
 j - 38 fruits
 k - 7 meat rations
Scrolls
 i - a scroll of blinking
 m - 2 scrolls of vulnerability
 n - 2 scrolls of remove curse
 o - a scroll of summoning
Jewellery
 r - a +3 ring of protection (left hand)
 u - a +3 ring of strength (right hand)
Potions
 d - 6 potions of curing
 e - 12 potions of heal wounds
 f - 2 potions of haste
 g - 4 potions of magic
 h - 3 potions of berserk rage
 l - 2 potions of invisibility
 z - 2 potions of might
 A - 2 potions of brilliance


   Skills:
 + Level 12.9 Fighting
 + Level 12.8 Maces & Flails
 + Level 12.6 Armour
 + Level 11.7 Dodging


You had 8 spell levels left.
You didn't know any spells.

Dungeon Overview and Level Annotations

Branches:
Dungeon (1/1)

Altars:
Ashenzari
Cheibriados
Dithmenos
Elyvilon
Fedhas
Kikubaaqudgha
Makhleb
Nemelex Xobeh
Okawaru
Qazlal
Sif Muna
Trog
Vehumet
Xom
Yredelemnul
Zin
The Shining One
Beogh
Jiyva
Lugonu


Innate Abilities, Weirdness & Mutations

You reflexively headbutt those who attack you in melee.
You have a pair of horns on your head.


Message History

The fire dragon breathes flames at you. The blast of flame misses you.
The fire dragon breathes flames at you. The blast of flame hits you!
The wizard gestures wildly while chanting.
The wizard seems to speed up.
The fire dragon breathes flames at you. The blast of flame hits you!
* * * LOW HITPOINT WARNING * * *
The wizard casts a spell at you.
You easily resist.
The wizard gestures at you while chanting.
The magic dart hits you!
* * * LOW HITPOINT WARNING * * *
There is a huge open gate to the Grid Vault (Hard) here.
There is a huge open gate to the Grid Vault (Hard) here.
You close the huge gate.
A wizard opens the huge gate.
The wizard casts a spell at you. The bolt of lightning hits you! You resist.
You die...

#.D# #p# #..# #3# #..# ##
#..# #..###############
#######..OD.............
_____##.........p........
_.___###########''######
#'##############@'######
'.'..##................#
#.#?(##......#..#......#
#'#####................+
......'................+
#)#####......#..#......
..#..##...............
..)..#####'#####++###
###'###.......#


You could see a wizard.

Vanquished Creatures
  A greater naga (D)
  Maurice (D)
  A merfolk (D)
  A fire bat (D)
  A water moccasin (D)
  An ogre (D)
  A brain worm (D)
  A quasit (D)
  An iron imp (D)
  Crazy Yiuf (D)
  A mummy (D)
  3 green rats (D)
  A giant mite (D)
  An ufetubus (D)
  A giant gecko (D)
  An orc (D)
  A giant cockroach (D)
  A hobgoblin (D)
  2 jackals (D)
  A quokka (D)
  A ball python (D)
  A kobold zombie (D)
  A rat (D)
26 creatures vanquished.

Notes
Turn   | Place    | Note
--------------------------------------------------------------
     0 | D        | staplegun, the Minotaur Berserker, began the quest for the Orb.
     0 | D        | Reached XP level 1. HP: 19/19 MP: 1/1
    11 | D        | Reached skill level 4 in Fighting
    23 | D        | Found a basalt altar of Yredelemnul.
    23 | D        | Found a shadowy altar of Dithmenos.
    23 | D        | Found a deep blue altar of Sif Muna.
    23 | D        | Found a burning altar of Makhleb.
    23 | D        | Found a shimmering altar of Xom.
    23 | D        | Found an ancient bone altar of Kikubaaqudgha.
    23 | D        | Found a sparkling altar of Nemelex Xobeh.
    24 | D        | Found a bloodstained altar of Trog.
    24 | D        | Found a corrupted altar of Lugonu.
    24 | D        | Found a viscous altar of Jiyva.
    35 | D        | Found a glowing golden altar of the Shining One.
    35 | D        | Found a glowing silver altar of Zin.
   165 | D        | Reached XP level 2. HP: 25/28 MP: 1/1
   172 | D        | Acquired Trog's second power
   329 | D        | Noticed a brain worm
   339 | D        | Killed a brain worm
   339 | D        | Reached skill level 6 in Fighting
   339 | D        | Reached skill level 5 in Armour
   339 | D        | Reached skill level 5 in Dodging
   339 | D        | Reached XP level 3. HP: 38/38 MP: 2/2
   339 | D        | Reached XP level 4. HP: 45/45 MP: 2/2
   347 | D        | Noticed Crazy Yiuf
   431 | D        | Killed Crazy Yiuf
   496 | D        | Noticed an ogre
   498 | D        | Noticed a quasit
   515 | D        | Killed an ogre
   515 | D        | Reached skill level 7 in Fighting
   515 | D        | Reached XP level 5. HP: 35/53 MP: 2/2
   518 | D        | Killed a quasit
   518 | D        | Acquired Trog's third power
   518 | D        | Reached skill level 8 in Fighting
   525 | D        | Noticed a fire bat
   525 | D        | Noticed an iron imp
   526 | D        | Noticed a water moccasin
   546 | D        | Killed a water moccasin
   546 | D        | Reached skill level 9 in Fighting
   546 | D        | Reached XP level 6. HP: 57/63 MP: 3/3
   548 | D        | Killed a fire bat
   550 | D        | Killed an iron imp
   550 | D        | Reached XP level 7. HP: 56/71 MP: 3/3
   826 | D        | Noticed Maurice
   836 | D        | Killed Maurice
   836 | D        | Reached skill level 10 in Fighting
   836 | D        | Reached skill level 10 in Maces & Flails
   836 | D        | Reached skill level 10 in Armour
   858 | D        | Received a gift from Trog
   875 | D        | Noticed a greater naga
   875 | D        | Noticed a merfolk
   892 | D        | Killed a greater naga
   892 | D        | Reached skill level 12 in Fighting
   892 | D        | Reached XP level 8. HP: 45/85 MP: 3/3
   892 | D        | Reached XP level 9. HP: 48/92 MP: 4/4
   896 | D        | Killed a merfolk
  1057 | D        | Got the +2 dire flail "Bakilap" {crush, rElec rPois MR+ Str+1}
  1118 | D        | Found a shattered altar of Ashenzari.
  1118 | D        | Found a white marble altar of Elyvilon.
  1118 | D        | Found a snail-covered altar of Cheibriados.
  1118 | D        | Found a blossoming altar of Fedhas.
  1118 | D        | Found a radiant altar of Vehumet.
  1118 | D        | Found a roughly hewn altar of Beogh.
  1118 | D        | Found an iron altar of Okawaru.
  1123 | D        | Found a stormy altar of Qazlal.
  1176 | D        | Noticed a centaur
  1176 | D        | Noticed a fire dragon
  1176 | D        | Noticed a neqoxec
  1178 | D        | Noticed a wizard
  1182 | D        | Noticed an ogre
  1205 | D        | Killed from afar by a wizard

Action                   |  1- 3 |  4- 6 |  7- 9 || total
-------------------------+-------+-------+-------++-------
Melee: Mace              |    21 |    36 |    38 ||    95
Invok: Berserk           |     1 |     1 |     1 ||     3
       Trog's Hand       |       |     2 |     1 ||     3
  Use: Scroll            |       |       |     1 ||     1
  Eat: Fruit             |       |       |     2 ||     2
       Chunk             |       |       |     2 ||     2
